 Dungeon Crawl Stone Soup version 0.27-a0-1434-g6f15984924 (webtiles) character file.

Game seed: 7231099545009496841

28 spiderkeys the Skirmisher (level 3, -9/26 HPs)
             Began as an Octopode Abyssal Knight on July 4, 2021.
             Was a Follower of Lugonu.
             Killed by divine providence
             ... invoked by a balrug
              (15 damage)
             ... on level 2 of the Abyss.
             The game lasted 00:00:43 (241 turns).

spiderkeys the Skirmisher (Octopode Abyssal Knight)  Turns: 241, Time: 00:00:43

Health: -9/26      AC:  1    Str: 11    XL:     3   Next: 12%
Magic:  4/4        EV: 13    Int: 14    God:    Lugonu [*.....]
Gold:   39         SH:  0    Dex: 12    Spells: 2/2 levels left

rFire    . . .     SeeInvis .   a - +1 short sword
rCold    . . .     Faith    .   (no shield)
rNeg     . . .     Spirit   .   (helmet restricted)
rPois    .         Reflect  .   (no amulet)
rElec    .         Harm     .   (no ring)
rCorr    .         Rampage  .   (no ring)
Will     .....                  (no ring)
Stlth    ++........             (no ring)
HPRegen  0.08/turn              (no ring)
MPRegen  0.09/turn              (no ring)
                                (no ring)
                                (no ring)

@: no status effects
A: almost no armour, amphibious, 8 rings, camouflage 1, gelatinous body 1,
(nimble swimmer 1), tentacles
a: Renounce Religion, Depart the Abyss


You were on level 2 of the Abyss.
You worshipped Lugonu.
Lugonu was aware of your devotion.
You visited 0 branches of the dungeon, and saw 0 of its levels.
You visited the Abyss 1 time.

You collected 39 gold pieces.


Innate Abilities, Weirdness & Mutations

You cannot wear most types of armour.
You are amphibious.
You can wear up to eight rings at the same time.
Your skin changes colour to match your surroundings (Stealth+).
Your rubbery body absorbs attacks. (AC +1, EV +1)
((You are camouflaged near water. (Stealth+)))
You have tentacles for arms and can constrict up to eight enemies at once.


   Skills:
 + Level 3.3 Fighting
 + Level 2.4 Short Blades
 + Level 2.7 Dodging
 + Level 2.5 Invocations


You had 2 spell levels left.
You didn't know any spells.
Your spell library was empty.

Inventory:

Hand Weapons
 a - a +1 short sword (weapon)
Missiles
 b - 7 silver boomerangs
Jewellery
 W - a ring of magical power
   (You found it on level 1 of the Abyss)
Potions
 c - a potion of lignification {unknown}

Dungeon Overview and Level Annotations

Branches:
Dungeon (0/15)

Altars:

. .# . .# .#
.## .# .. #. .#
.#.# #####..#
#..#.@.#
#.#.#.# # #
####.##...#
###.#......##.#
#.#.....2#.###
..# #
#..####.##.#
#.. #.
#X......#...
#.#
#.#...#..##..#.
#. ...#
#.#.##.. ..


You could see a balrug.


Message History

🤖 Initializing magus.rc ...
Options error: Delay interrupt name "hungry" not recognised. (~/.crawlrc:4988) ✅ Successfully initialized magus.rc [v1.9.10] Welcome, spiderkeys the Octopode Abyssal Knight.
It is said that the Orb of Zot exists deep within this dungeon.
Lugonu says: Depart the Abyss and spread corruption, my servant! (use the ability menu to exit the Abyss) Press ? for a list of commands and other information.
Found a corrupted altar of Lugonu.
There is a corrupted altar of Lugonu here.
b - a scroll labelled PEOTYCUCSU Unknown command.
W - a ring of magical power
As you read the scroll labelled PEOTYCUCSU, it crumbles to dust.
Magic quickly surges around you.
It was a scroll of vulnerability.
You feel your willpower return.
An apocalypse crab comes into view.
Found a gateway leading out of the Abyss.
There is a gateway leading out of the Abyss here.
You now have 15 gold pieces.
Found a gateway leading deeper into the Abyss.
There is a gateway leading deeper into the Abyss here.
You plunge deeper into the Abyss.
Found a gateway leading out of the Abyss.
Found a runed long sword.
You see here a +2 long sword of holy wrath.
You now have 39 gold pieces (gained 24).
b - 7 silver boomerangs The iron imp shouts!
c - a puce potion You closely miss the iron imp.
You grab the iron imp. You constrict the iron imp.
The iron imp barely misses you.
You barely miss the iron imp.
You constrict the iron imp, but do no damage.
The iron imp closely misses you.
You hit the iron imp but do no damage.
You squeeze the iron imp, but do no damage.
You constrict the iron imp. The iron imp hits you! 😮 HP[-7]
You take 7 damage, and now have 9/16 hp.
MASSIVE DAMAGE!! (PAUSE)
You hit the iron imp but do no damage. You constrict the iron imp.
You hit the iron imp but do no damage.
You constrict the iron imp, but do no damage.
The iron imp hits you!
* * * LOW HITPOINT WARNING * * *
😱 HP[-7]
You take 7 damage, and now have 2/16 hp.
MASSIVE DAMAGE!! (PAUSE)
You hit the iron imp. You constrict the iron imp.
The iron imp barely misses you.
You hit the iron imp. You constrict the iron imp. The iron imp misses you.
You hit the iron imp but do no damage.
You squeeze the iron imp, but do no damage.
You constrict the iron imp.
You kill the iron imp!
You have reached level 2!
You have reached level 3!
Your experience leads to an increase in your attributes!
Increase (S)trength, (I)ntelligence, or (D)exterity?
You feel agile. 😱 HP[+2] MP[+2]
You now have 26 max hp (+10).
You regained 2 hp, and now have 4/26 hp.
Your mp is fully restored (4).
The substance of the Abyss twists violently, and a gateway leading out appears!
A bone dragon comes into view.
There is a gateway leading out of the Abyss here. 😱 HP[+1]
A balrug comes into view.
It is wielding a +1 demon whip of draining.
The balrug picks up some gold.
The balrug shouts!
A thrashing horror comes into view. 😱 HP[+1]
A small abomination comes into view.
The small abomination moves out of view.
The balrug gestures at you. Something smites you!
Ouch! That really hurt!
You die...

Action                   || total
-------------------------++-------
Melee: Short sword       ||     8
       Tentacles         ||     2
       Constrict         ||     1
  Use: Scroll            ||     1
Dodge: Dodged            ||     4

Levels and vault maps discovered:
Abyss:2:  base:
Temple

Notes
Turn   | Place    | Note
-------+----------+-------------------------------------------
     0 | Abyss:1  | spiderkeys the Octopode Abyssal Knight began the quest for
                  | the Orb.
     0 | Abyss:1  | Reached XP level 1. HP: 16/16 MP: 2/2
     0 | Abyss:1  | magus.rc [v1.9.10]
   102 | Abyss:1  | Noticed an apocalypse crab
   136 | Abyss:1  | Noticed a raiju
   196 | Abyss:2  | Noticed an iron imp
   212 | Abyss:2  | HP: 2/16 [iron imp (7)]
   215 | Abyss:2  | Killed an iron imp
   216 | Abyss:2  | Reached XP level 2. HP: 3/21 MP: 3/3
   216 | Abyss:2  | Reached XP level 3. HP: 4/26 MP: 4/4
   216 | Abyss:2  | Noticed a bone dragon
   232 | Abyss:2  | Noticed a balrug
   234 | Abyss:2  | Noticed a thrashing horror
   240 | Abyss:2  | Noticed a small abomination
   241 | Abyss:2  | Killed from afar by a balrug

Vanquished Creatures
  An iron imp (Abyss:2)
1 creature vanquished.

Table legend:
 A = Non-vault XP
 B = Vault XP
 C = Vault XP percentage of total XP
 D = Non-vault monster count
 E = Vault monster count
 F = Vault count percentage of total count
                 A         B        C        D         E       F
            +---------+---------+-------+---------+---------+-------
      Total |      40 |       0 |   0.0 |       1 |       0 |   0.0
            +---------+---------+-------+---------+---------+-------
    Abyss:2 |      40 |       0 |   0.0 |       1 |       0 |   0.0
            +---------+---------+-------+---------+---------+-------

Illustrated notes

Table legend:
 A = Kills in this place as a percentage of kills in entire the game.
 B = Kills by you in this place as a percentage of kills by you in the entire game.
 C = Kills by friends in this place as a percentage of kills by friends in the entire game.
 D = Other kills in this place as a percentage of other kills in the entire game.
 E = Experience gained in this place as a percentage of experience gained in the entire game.
 F = Experience gained in this place divided by the number of levels of this place that you have seen.
                   A       B       C       D       E      F
               +-------+-------+-------+-------+-------+----------------------
         Total | 100.0 | 100.0 |   N/A |   N/A | 100.0 |  20.0
         Abyss | 100.0 | 100.0 |   N/A |   N/A | 100.0 |  20.0
               +-------+-------+-------+-------+-------+----------------------

Table legend: (Time is in decaauts)
 A = Elapsed time spent in this place.
 B = Non-inter-level travel time spent in this place.
 C = Inter-level travel time spent in this place.
 D = Time resting spent in this place.
 E = Time spent auto-exploring this place.
 F = Levels seen in this place.
 G = Mean time per level.
                   A        B        C        D        E       F      G
               +--------+--------+--------+--------+--------+-----+--------+
         Total |    240 |    240 |      0 |      0 |    109 |   2 |  120.0 |
         Abyss |    240 |    240 |      0 |      0 |    109 |   2 |  120.0 |
               +--------+--------+--------+--------+--------+-----+--------+

Top non-repeatable levels by time:
 Abyss:1: 156 daAuts
 Abyss:2: 84 daAuts
